 Dungeon Crawl Stone Soup version 0.18.1-1-g2f07953 (webtiles) character file.

8972 epen the Grappler (level 11, -4/92 HPs)
             Began as a Pale Draconian Transmuter on May 7, 2016.
             Was an Elder of Cheibriados.
             Slain by an eight-headed hydra (8 damage)
             ... on level 1 of the Lair of Beasts.
             The game lasted 00:29:59 (12990 turns).

epen the Grappler (Pale Draconian Transmuter)      Turns: 12990, Time: 00:29:59

Health: -4/92      AC: 13    Str: 30    XL:     11   Next: 16%
Magic:  20/20      EV: 17    Int: 29    God:    Cheibriados [****..]
Gold:   487        SH:  5    Dex: 24    Spells: 3 memorised, 12 levels left

rFire  + . .     SeeInvis .       - Unarmed
rCold  . . .     Gourm    .     (armour unavailable)
rNeg   . . .     Faith    .     Q - +0 buckler
rPois  .         Spirit   .     x - +2 hat {Int+3}
rElec  .         Dismiss  .     H - +0 cloak
rCorr  .         Reflect  .     E - +0 pair of gloves
SustAt .         Harm     .     l - +1 pair of boots
MR     ++...                    (no amulet)
Stlth  ++........               u - ring of protection from fire
                                p - ring of protection from magic

@: mighty, short of breath, very slow, very resistant to hostile enchantments,
unstealthy
A: breathe steam, unfitting armour, agile 1, magic resistance 1, strong 1,
evolution 1, cold-blooded, AC +7
a: Breathe Steam, Bend Time, Temporal Distortion, Slouch, Renounce Religion


You were on level 1 of the Lair of Beasts.
You worshipped Cheibriados.
Cheibriados was greatly pleased with you.
You were not hungry.

You visited 3 branches of the dungeon, and saw 12 of its levels.

You collected 763 gold pieces.
You spent 276 gold pieces at shops.

Inventory:

Missiles
 a - 193 arrows
Armour
 l - a +1 pair of boots (worn)
 x - a +2 hat of intelligence (worn)
 E - a +0 pair of gloves (worn)
 H - a +0 cloak (worn)
 Q - a +0 buckler (worn)
Jewellery
 p - a ring of protection from magic (left hand)
 q - an uncursed ring of protection from magic
 s - an uncursed ring of protection from magic
 u - a ring of protection from fire (right hand)
 F - an uncursed ring of protection from magic
 T - an uncursed ring of ice {unknown}
Wands
 h - a wand of acid (6/15)
 m - a wand of random effects (17/48)
 z - a wand of polymorph (14/24)
 C - a wand of lightning (15/15)
 J - a wand of paralysis (8/24)
 M - a wand of slowing (15/48)
 X - a wand of polymorph (6/24)
Scrolls
 d - 3 scrolls of enchant weapon
 k - 3 scrolls of recharging
 B - a scroll of random uselessness
 N - 2 scrolls of magic mapping
 O - a scroll of fog
 P - 3 scrolls of remove curse
 S - a scroll of fear
Potions
 e - 2 potions of flight
 f - 2 potions of agility
 i - a potion of resistance
 j - a potion of mutation
 n - 3 potions of haste
 o - 3 potions of heal wounds
 r - a potion of brilliance
 w - 5 potions of curing
 A - 2 potions of invisibility
 D - 2 potions of ambrosia
 K - a potion of cure mutation
 U - a potion of lignification {unknown}
 V - a potion of magic
Books
 b - a book of Changes

   Spells                             Type                      Level
   a - Beastly Appendage              Transmutation                1
   b - Sticks to Snakes               Transmutation                2
   c - Spider Form                    Transmutation/Poison         3
   d - Ice Form                       Ice/Transmutation            4
   e - Blade Hands                    Transmutation                5
 y - a book of the Dragon

   Spells                             Type                      Level
   a - Flame Tongue                   Conjuration/Fire             1
   b - Cause Fear                     Hexes                        4
   c - Bolt of Fire                   Conjuration/Fire             6
   d - Dragon Form                    Transmutation                7
   e - Dragon's Call                  Summoning                    9
Comestibles
 c - 8 bread rations
 g - 6 meat rations
 v - a royal jelly
 I - a slice of pizza
 L - 3 fruits
 R - 2 beef jerkies
 W - 6 chunks of flesh


   Skills:
 + Level 7.5 Fighting
 + Level 6.2 Dodging
 * Level 9.6 Unarmed Combat
 + Level 6.3 Spellcasting
 * Level 9.6 Transmutations
 + Level 2.2 Invocations


You had 12 spell levels left.
You knew the following spells:

 Your Spells              Type           Power        Failure   Level  Hunger
b - Sticks to Snakes      Trmt           ######..     1%          2    None
c - Spider Form           Trmt/Pois      #####.....   4%          3    None
d - Blade Hands           Trmt           ######....   6%          5    #####..


Dungeon Overview and Level Annotations

Branches:
Dungeon (10/15)            Temple (1/1) D:6            Lair (1/8) D:8
    Orc: D:9-12

Altars:
Ashenzari
Cheibriados
Dithmenos
Elyvilon
Fedhas
Gozag
Kikubaaqudgha
Makhleb
Nemelex Xobeh
Okawaru
Pakellas
Qazlal
Ru
Sif Muna
Trog
Vehumet
Xom
Yredelemnul
Zin
The Shining One

Shops:
D:4 !(   D:6 [

Annotations:
D:5 Chiseanne's ghost, novice OgAE
D:6 epen's ghost, novice DrTm


Innate Abilities, Weirdness & Mutations

You can breathe blasts of scalding, opaque steam.
Your pale cyan-grey scales are hard (AC +7).
Your body does not fit into most forms of armour.
You are cold-blooded and may be slowed by cold attacks.
You are agile. (Dex +2)
You are resistant to hostile enchantments.
Your muscles are strong. (Str +2)
You evolve.


Message History

The eight-headed hydra bites you but does no damage.
The eight-headed hydra bites you.
The eight-headed hydra barely misses you.
The eight-headed hydra bites you but does no damage.
The eight-headed hydra closely misses you. x2
Read which item? (? for menu, Esc to quit)
Okay, then.
Drink which item? (? for menu, Esc to quit)
You feel very mighty all of a sudden.
You block the eight-headed hydra's attack.
The eight-headed hydra bites you!
* * * LOW HITPOINT WARNING * * *
The eight-headed hydra barely misses you.
You block the eight-headed hydra's attack.
The eight-headed hydra bites you!
* * * LOW HITPOINT WARNING * * *
The eight-headed hydra bites you.
* * * LOW HITPOINT WARNING * * *
The eight-headed hydra bites you!
You die...

##...... #.......
###....... #.......†.
##......... #######
##..#....... #......
##...##...... #.....##
##..####.#....
.....#@###...######....
........D.....†)P#
###P.
......####....†.### #..
....#. ##.......# #..
#.. . #........# ...#
## .. ##...........##
#. #...........#
##.....P..........#
##.....(..........


You could see an eight-headed hydra.

Vanquished Creatures
  An unseen horror (D:10)
  2 hill giants (D:10)
  An elephant (D:8)
  Psyche (D:10)
  Eustachio (D:6)
  A wraith (D:10)
  5 yaks
  3 hippogriffs
  2 water moccasins (Lair:1)
  A porcupine (Lair:1)
  5 sky beasts
  2 black bears (D:10)
  4 orc warriors
  6 ogres
  A phantom (D:4)
  3 ice beasts
  3 necrophages
  4 crocodiles
  2 centaurs
  4 big kobolds
  6 giant frogs
  4 scorpions
  2 howler monkeys
  4 wights (D:9)
  4 crimson imps
  A centaur zombie (D:8)
  A wasp zombie (D:9)
  2 quasits (D:10)
  A giant frog skeleton (D:5)
  3 hounds
  2 jellies
  5 orc priests
  Crazy Yiuf (D:6)
  12 orc wizards
  4 iguanas
  8 worker ants
  2 hound skeletons
  8 adders
  3 shadow imps
  An adder skeleton (D:5)
  3 worms
  2 dart slugs
  7 giant geckos
  40 orcs
  A ball python (D:2)
  5 giant cockroaches
  4 hobgoblins
  5 jackals
  2 quokkas
  6 bats
  A giant gecko zombie (D:8)
  A giant newt (D:2)
  7 goblins
  2 jackal skeletons
  19 kobolds
  A quokka skeleton (D:7)
  7 rats
239 creatures vanquished.

Vanquished Creatures (others)
  3 fungi (D:6)
3 creatures vanquished.

Grand Total: 242 creatures vanquished

Notes
Turn   | Place    | Note
--------------------------------------------------------------
     0 | D:1      | epen the Draconian Transmuter began the quest for the Orb.
     0 | D:1      | Reached XP level 1. HP: 16/16 MP: 3/3
   294 | D:1      | Reached XP level 2. HP: 22/23 MP: 3/5
   438 | D:1      | Found a sparkling altar of Nemelex Xobeh.
  1271 | D:2      | Reached XP level 3. HP: 28/28 MP: 4/6
  1284 | D:2      | Learned a level 2 spell: Sticks to Snakes
  1288 | D:2      | Learned a level 3 spell: Spider Form
  1390 | D:2      | Found a sacrificial altar of Ru.
  1608 | D:2      | Reached XP level 4. HP: 20/36 MP: 3/7
  1783 | D:2      | Found a burning altar of Makhleb.
  1783 | D:2      | Noticed an Executioner
  1791 | D:2      | Found a basalt altar of Yredelemnul.
  2120 | D:2      | Found a bloodstained altar of Trog.
  2715 | D:3      | Found a deep blue altar of Sif Muna.
  2848 | D:3      | Reached XP level 5. HP: 41/41 MP: 8/8
  3565 | D:3      | Found a radiant altar of Vehumet.
  3641 | D:4      | Noticed an ogre
  4098 | D:4      | Found Uzaojah's Antique Weapon Shoppe.
  4305 | D:4      | Reached XP level 6. HP: 33/50 MP: 8/10
  4739 | D:4      | Found Wetept's Distillery.
  4743 | D:4      | Bought a potion of heal wounds for 60 gold pieces
  5326 | D:5      | Entered Level 5 of the Dungeon
  5348 | D:5      | Noticed Chiseanne's ghost (novice OgAE)
  5858 | D:5      | Your scales start taking on a pale cyan-grey colour.
  5858 | D:5      | Reached XP level 7. HP: 49/57 MP: 11/11
  6332 | D:5      | Found a glowing silver altar of Zin.
  6364 | D:5      | Found a sparkling altar of Nemelex Xobeh.
  6431 | D:5      | Reached skill level 5 in Unarmed Combat
  7091 | D:6      | Reached skill level 5 in Transmutations
  7102 | D:6      | Reached XP level 8. HP: 66/66 MP: 13/13
  7109 | D:6      | Found Doust's Antique Armour Shop.
  7114 | D:6      | Noticed epen's ghost (novice DrTm)
  7370 | D:6      | Noticed Eustachio
  7399 | D:6      | Killed Eustachio
  7477 | D:6      | Bought a pair of gloves for 108 gold pieces
  7477 | D:6      | Bought a cloak for 108 gold pieces
  8012 | D:6      | Found a staircase to the Ecumenical Temple.
  8049 | Temple   | Entered the Ecumenical Temple
  8174 | Temple   | Became a worshipper of Cheibriados the Contemplative
  8543 | D:6      | Noticed Crazy Yiuf
  8555 | D:6      | Killed Crazy Yiuf
  8589 | D:7      | Reached skill level 5 in Fighting
  8698 | D:7      | Reached XP level 9. HP: 72/74 MP: 15/15
  8839 | D:7      | Gained mutation: You evolve. [mutagenic meat]
  9033 | D:7      | Reached * piety under Cheibriados
  9212 | D:7      | Learned a level 5 spell: Blade Hands
  9366 | D:7      | Found a glowing golden altar of the Shining One.
  9603 | D:8      | Reached ** piety under Cheibriados
  9751 | D:8      | Found a staircase to the Lair.
  9751 | D:8      | Noticed an elephant
  9768 | D:8      | Killed an elephant
  9768 | D:8      | Reached skill level 5 in Dodging
  9768 | D:8      | Reached skill level 5 in Spellcasting
 10035 | D:8      | Found a shadowy altar of Dithmenos.
 10079 | D:8      | Gained mutation: Your muscles are strong. (Str +2) [evolution]
 10098 | D:8      | Reached *** piety under Cheibriados
 10098 | D:8      | Reached XP level 10. HP: 83/84 MP: 17/17
 10133 | D:8      | Found a shadowy altar of Dithmenos.
 10133 | D:8      | Found an opulent altar of Gozag.
 10408 | D:8      | Found a white marble altar of Elyvilon.
 10679 | D:8      | Identified a scroll of acquirement
 10757 | D:9      | Found a shattered altar of Ashenzari.
 11212 | D:9      | Gained mutation: You are agile. (Dex +2) [evolution]
 11377 | D:10     | Entered Level 10 of the Dungeon
 11382 | D:10     | Reached **** piety under Cheibriados
 11528 | D:10     | Noticed a hill giant
 11537 | D:10     | Killed a hill giant
 11568 | D:10     | Found a blossoming altar of Fedhas.
 11889 | D:10     | Noticed Psyche
 11898 | D:10     | Killed Psyche
 12047 | D:10     | Reached skill level 1 in Invocations
 12168 | D:10     | Noticed a hill giant
 12176 | D:10     | Killed a hill giant
 12212 | D:10     | Killed an unseen horror
 12212 | D:10     | Reached XP level 11. HP: 25/92 MP: 11/20
 12636 | Lair:1   | Entered Level 1 of the Lair of Beasts
 12781 | Lair:1   | Gained mutation: You are resistant to hostile enchantments. [potion of beneficial mutation]
 12965 | Lair:1   | Noticed an eight-headed hydra
 12990 | Lair:1   | HP: 4/92 [eight-headed hydra (1)]
 12990 | Lair:1   | Slain by an eight-headed hydra

Skill      XL: |  1  2  3  4  5  6  7  8  9 10 11 |
---------------+----------------------------------+-----
Dodging        | 2 3 4 5 6 |  6.2
Fighting       | 2 3 4 5 6 7 |  7.5
Transmutations | 3 4 5 6 8 9 |  9.6
Unarmed Combat | 4 5 6 8 9 |  9.6
Spellcasting   | 3 4 5 6 |  6.3
Invocations    | 1 2 |  2.2

Action                   |  1- 3 |  4- 6 |  7- 9 | 10-12 || total
-------------------------+-------+-------+-------+-------++-------
Melee: Unarmed           |   123 |   241 |   269 |   163 ||   796
       Headbutt          |     5 |    14 |     2 |       ||    21
       Tailslap          |     6 |    22 |    39 |    36 ||   103
       Punch             |     1 |     5 |     2 |     7 ||    15
 Cast: Beastly Appendage |     3 |    13 |     2 |       ||    18
       Sticks to Snakes  |     1 |     2 |       |     1 ||     4
       Spider Form       |       |     5 |       |       ||     5
       Blade Hands       |       |       |     2 |    12 ||    14
 Abil: Breathe Steam     |       |       |    48 |    22 ||    70
  Use: Scroll            |       |    11 |     4 |    14 ||    29
       Potion            |       |       |       |     3 ||     3
 Stab: Sleeping          |     3 |     2 |     1 |     2 ||     8
       Distracted        |     1 |       |       |     1 ||     2
       Invisible         |     1 |       |       |       ||     1
  Eat: Chunk             |     2 |     7 |    17 |    10 ||    36
       Meat ration       |       |     2 |       |       ||     2
Armor: Skin              |    53 |    70 |    88 |    74 ||   285
Dodge: Dodged            |    79 |   127 |   171 |   150 ||   527
Block: Buckler           |       |       |       |    19 ||    19
